 Dungeon Crawl Stone Soup version 0.29.1-15-g9cfb28693d (webtiles) character file.

Game seed: 8916414644139086935

3713 croobank the Vexing (level 10, -11/64 (76) HPs)
             Began as a Gnoll Arcane Marksman on Mar 16, 2023.
             Was an Initiate of Gozag.
             Mangled by a wight
             ... wielding a +0 scimitar
              (14 damage)
             ... on level 6 of the Dungeon on Mar 17, 2023.
             The game lasted 00:57:06 (13233 turns).

croobank the Vexing (Gnoll Arcane Marksman)        Turns: 13233, Time: 00:57:07

HP:   -11/64 (76)   AC:  4    Str:  9    XL:     10   Next: 14%
MP:   19/19         EV: 14    Int: 18    God:    Gozag
Gold: 1119          SH:  0    Dex: 12    Spells: 7/21 levels left

rFire   . . .      SeeInvis .   w - +1 halberd (venom)
rCold   . . .      Faith    .   (shield currently unavailable)
rNeg    . . .      Spirit   .   c - +0 robe
rPois   .          Reflect  .   (no helmet)
rElec   .          Harm     .   (no cloak)
rCorr   .          Rampage  .   (no gloves)
Will    .....                   v - +1 pair of boots
Stlth   +++.......              (no amulet)
HPRegen 0.20/turn               (no ring)
MPRegen 0.16/turn               (no ring)

@: heavily drained, invisible
A: fangs 1, strong nose, distributed training
a: Renounce Religion, Potion Petition, Call Merchant, Bribe Branch


You were on level 6 of the Dungeon.
You worshipped Gozag.
Gozag was most pleased with you.
You visited 2 branches of the dungeon, and saw 8 of its levels.
You also visited: Sewer.

You collected 1218 gold pieces.
You paid 99 gold pieces to Gozag.

Inventory:

Hand Weapons
 a - a +2 dagger of speed
 b - a +1 sling
 g - the +3 Elemental Staff {rElec rF++ rC++ AC+5}
   (You acquired it on level 4 of the Dungeon)

   If the wielder is skilled in Evocations, they can discharge powerful blasts
   of elemental energy when striking with it.
   It enhances your fire, ice, earth and air magic.
   AC:        It affects your AC (+5).
   rF:        It greatly protects you from fire.
   rC:        It greatly protects you from cold.
   rElec:     It insulates you from electricity.
 j - a +2 dagger of flaming
 l - a +4 short sword of draining
 m - a +2 mace of protection
 o - a +4 quarterstaff
 r - a +4 flail
 w - a +1 halberd of venom (weapon)
 C - a +0 war axe
 D - a -2 eveningstar
 E - a -2 vorpal war axe
 L - a +1 flail of holy wrath
Missiles
 d - 10 poisoned darts
 u - a throwing net (quivered)
 M - 5 boomerangs
Armour
 c - a +0 robe (worn)
 e - a +0 kite shield
 h - a +2 ring mail of poison resistance
 n - a +0 tower shield
 v - a +1 pair of boots (worn)
 y - a +1 ring mail of fire resistance
Jewellery
 s - an amulet of regeneration
Wands
 K - a wand of flame (31)
 P - a wand of mindburst (19)
Scrolls
 f - 3 scrolls of poison
 i - a scroll of teleportation
 k - 2 scrolls of identify
 p - a scroll of enchant armour
 q - 2 scrolls of immolation
 z - a scroll of vulnerability
 G - 3 scrolls of fear
 J - a scroll of brand weapon {unknown}
 O - a scroll of noise {unknown}
 Q - a scroll of enchant weapon {unknown}
Potions
 t - a potion of mutation
 x - a potion of invisibility
 A - 2 potions of curing
 I - 2 potions of attraction
 R - a potion of flight {unknown}


   Skills:
 + Level 5.8 Fighting
 + Level 5.2 Short Blades
 + Level 5.2 Long Blades
 + Level 5.2 Axes
 + Level 5.2 Maces & Flails
 + Level 5.2 Polearms
 + Level 5.2 Staves
 + Level 7.0 Ranged Weapons
 + Level 5.2 Throwing
 + Level 5.2 Armour
 + Level 7.0 Dodging
 + Level 5.2 Stealth
 + Level 5.2 Shields
 + Level 5.2 Unarmed Combat
 + Level 6.0 Spellcasting
 + Level 4.2 Conjurations
 + Level 7.0 Hexes
 + Level 4.2 Summonings
 + Level 4.2 Necromancy
 + Level 4.2 Translocations
 + Level 4.2 Transmutations
 + Level 4.2 Fire Magic
 + Level 4.2 Ice Magic
 + Level 4.2 Air Magic
 + Level 4.2 Earth Magic
 + Level 4.2 Poison Magic
 + Level 5.7 Invocations
 + Level 5.2 Evocations


You had 7 spell levels left.
You knew the following spells:

 Your Spells              Type           Power      Damage    Failure   Level
a - Slow                  Hex            100%       N/A       1%          1
b - Inner Flame           Hex/Fire       25%        N/A       3%          3
c - Portal Projectile     Hex/Tloc       50%        N/A       3%          3
d - Cause Fear            Hex            15%        N/A       7%          4
e - Frozen Ramparts       Ice            40%        1d7       6%          3

Your spell library contained the following spells:

 Spells                   Type           Power      Damage    Failure   Level
 Apportation              Tloc           40%        N/A       1%          1
 Freeze                   Ice            80%        1d9       1%          1
 Necrotise                Necr           80%        1d8       1%          1
 Summon Small Mammal      Summ           80%        N/A       1%          1
 Hailstorm                Conj/Ice       20%        3d6       21%         4
 Freezing Cloud           Conj/Ice/Air   10%        6-21      50%         5
 Polar Vortex             Ice            10%        N/A       100%        9
 Simulacrum               Ice/Necr       Unusable   N/A       N/A         6

Dungeon Overview and Level Annotations

Branches:
Dungeon (7/15)             Temple (1/1) D:4           Sewer (visited)

Altars:
Ashenzari
Gozag
Kikubaaqudgha
Makhleb
Qazlal
Sif Muna
Zin
The Shining One

Shops:
D:3 !

Annotations:
D:6 2 runed translucent doors, GigaChad's ghost, novice MiFi


Innate Abilities, Weirdness & Mutations

You have very sharp teeth.
Your uncanny sense of smell can sniff out nearby items.
Your experience applies equally to all skills.


Message History

You slash the wight! You bite the wight, but do no damage.
The wight is heavily damaged.
The wight hits you with a +0 scimitar!
You feel drained.
You hit the wight but do no damage.
The wight is heavily damaged.
The wight hits you with a +0 scimitar!
You closely miss the wight.
The wight is heavily damaged.
The wight closely misses you.
You barely miss the wight.
The wight is heavily damaged.
The wight closely misses you.
Reach: w) +1 halberd (venom)
Press: ? - help, Dir - move target, f - wight
Aim: a wight, wielding a +0 scimitar and wearing a +0 robe (heavily damaged, about 44% to evade your +1 halberd of venom)
You barely miss the wight. You bite the wight, but do no damage.
The wight is heavily damaged.
The wight hits you with a +0 scimitar!
* * * LOW HITPOINT WARNING * * *
The wight closely misses you.
Okay, then.
Okay, then.
Throw: 2 throwing nets
Press: ? - help, Q - select action, (/) - cycle Shift-Dir - straight line, f/p - wight
Aim: a wight, wielding a +0 scimitar and wearing a +0 robe (heavily damaged, 62% to hit)
You throw a throwing net.
The throwing net barely misses the wight.
You fade into invisibility!
The wight hits you with a +0 scimitar!
* * * LOW HITPOINT WARNING * * *
Unknown command.
Unknown command.
Okay, then.
Aiming: Paralyse
Press: ? - help, Shift-Dir - straight line, f/p - wight
Aim: a wight, wielding a +0 scimitar and wearing a +0 robe (heavily damaged, unable to see you, chance to affect: 62%)
The wight resists with significant effort.
The now-empty wand crumbles to dust.
The wight hits you with a +0 scimitar!
You die...
Your body crumbles into a pile of gold.

#####.<......#
#............#
#####............#
#######................#
.................>.....#
###########............#
#..##........##........#
#..##.#########.....<..#
#..#..# #.@......#
...#.## ###z##.###
##.#.# ###......# ##...#
###...##.#.# ....##
##...####$#.# ...##
#......#.(#.# ...#
#.....>..##.# ...#
#......####.# ...#
##......# #.#


You could see a wight (unable to see you).

Vanquished Creatures
  A two-headed ogre (D:4)
  Duvessa (D:5)
  A water moccasin (D:7)
  A black bear (D:4)
  A sky beast (D:6)
  An ogre (D:5)
  2 centaurs
  2 kobold brigands
  2 gnoll sergeants
  3 bullfrogs
  8 scorpions
  2 wights
  Dowan (D:5)
  3 howler monkeys
  3 orc priests
  5 hounds
  A jelly (D:6)
  3 gnoll boudas
  2 iguanas
  3 orc wizards
  A hell rat (Sewer)
  42 gnolls
  15 adders
  2 river rats (Sewer)
  A shadow imp (D:6)
  2 ufetubi
  7 worms
  2 dart slugs
  41 orcs
  6 endoplasms
  6 giant cockroaches
  7 goblins
  7 hobgoblins
  12 jackals (D:3)
  14 kobolds
  6 quokkas
  9 ball pythons
  5 bats
  8 frilled lizards
  11 rats
250 creatures vanquished.

Vanquished Creatures (others)
  15 fungi (D:5)
  5 plants
20 creatures vanquished.

Grand Total: 270 creatures vanquished

Notes
Turn   | Place    | Note
-------+----------+-------------------------------------------
     0 | D:1      | croobank the Gnoll Arcane Marksman began the quest for the
                  | Orb.
     0 | D:1      | Reached XP level 1. HP: 17/17 MP: 4/4
    68 | D:1      | Reached XP level 2. HP: 21/23 MP: 1/5
   880 | D:1      | Reached XP level 3. HP: 28/28 MP: 7/7
   958 | D:2      | Reached skill level 1 in Invocations
  1073 | D:2      | Reached skill level 1 in Short Blades
  1073 | D:2      | Reached skill level 1 in Long Blades
  1073 | D:2      | Reached skill level 1 in Axes
  1073 | D:2      | Reached skill level 1 in Maces & Flails
  1073 | D:2      | Reached skill level 1 in Polearms
  1073 | D:2      | Reached skill level 1 in Staves
  1073 | D:2      | Reached skill level 1 in Throwing
  1073 | D:2      | Reached skill level 1 in Armour
  1073 | D:2      | Reached skill level 1 in Stealth
  1073 | D:2      | Reached skill level 1 in Shields
  1073 | D:2      | Reached skill level 1 in Unarmed Combat
  1073 | D:2      | Reached skill level 1 in Evocations
  1110 | D:2      | Reached XP level 4. HP: 21/34 MP: 8/8
  1352 | D:2      | Learned a level 3 spell: Inner Flame
  1622 | D:2      | Reached skill level 1 in Conjurations
  1622 | D:2      | Reached skill level 1 in Summonings
  1622 | D:2      | Reached skill level 1 in Necromancy
  1622 | D:2      | Reached skill level 1 in Translocations
  1622 | D:2      | Reached skill level 1 in Transmutations
  1622 | D:2      | Reached skill level 1 in Fire Magic
  1622 | D:2      | Reached skill level 1 in Ice Magic
  1622 | D:2      | Reached skill level 1 in Air Magic
  1622 | D:2      | Reached skill level 1 in Earth Magic
  1622 | D:2      | Reached skill level 1 in Poison Magic
  1818 | D:2      | Found a stormy altar of Qazlal.
  2116 | D:2      | Reached XP level 5. HP: 40/40 MP: 9/9
  2120 | D:2      | Learned a level 3 spell: Portal Projectile
  3025 | D:3      | Found a burning altar of Makhleb.
  3027 | D:3      | Noticed a cacodemon
  3033 | D:3      | Found a glowing silver altar of Zin.
  3034 | D:3      | Noticed an angel
  3621 | D:3      | Found a broken altar of Ashenzari.
  3665 | D:3      | Found Qulial's Distillery.
  3809 | D:3      | Reached XP level 6. HP: 42/47 MP: 11/11
  3817 | D:3      | Learned a level 4 spell: Cause Fear
  3981 | D:3      | Reached skill level 5 in Ranged Weapons
  3981 | D:3      | Reached skill level 5 in Dodging
  5185 | D:3      | Reached XP level 7. HP: 23/52 MP: 2/12
  6476 | D:4      | Found a staircase to the Ecumenical Temple.
  6504 | Temple   | Entered the Ecumenical Temple
  6529 | Temple   | Became a worshipper of Gozag Ym Sagoz the Greedy
  6581 | D:4      | Identified a scroll of acquirement
  6581 | D:4      | Acquired the +3 Elemental Staff {rElec rF++ rC++ AC+5}
  6581 | D:4      | Found the +3 Elemental Staff {rElec rF++ rC++ AC+5}
  6915 | D:4      | Reached XP level 8. HP: 60/60 MP: 7/14
  7829 | D:4      | Noticed a two-headed ogre
  7836 | D:4      | Killed a two-headed ogre
  8258 | D:5      | Entered Level 5 of the Dungeon
  8273 | D:5      | Reached XP level 9. HP: 57/67 MP: 16/16
  8277 | D:5      | Noticed Duvessa
  8278 | D:5      | Noticed Dowan
  8777 | D:5      | Reached skill level 5 in Spellcasting
  8834 | D:5      | Killed Duvessa
  8856 | D:5      | Killed Dowan
  9237 | D:5      | Reached skill level 5 in Fighting
 10256 | D:5      | Reached skill level 5 in Invocations
 10675 | D:6      | Found a runed translucent door.
 10675 | D:6      | Noticed GigaChad's ghost (novice MiFi)
 10896 | D:6      | Found a glowing drain.
 10906 | Sewer    | Entered a sewer
 12034 | D:6      | Learned a level 3 spell: Frozen Ramparts
 12076 | D:6      | Found a runed translucent door.
 12441 | D:7      | Reached skill level 5 in Short Blades
 12441 | D:7      | Reached skill level 5 in Long Blades
 12441 | D:7      | Reached skill level 5 in Axes
 12441 | D:7      | Reached skill level 5 in Maces & Flails
 12441 | D:7      | Reached skill level 5 in Polearms
 12441 | D:7      | Reached skill level 5 in Staves
 12441 | D:7      | Reached skill level 5 in Throwing
 12441 | D:7      | Reached skill level 5 in Armour
 12441 | D:7      | Reached skill level 5 in Stealth
 12441 | D:7      | Reached skill level 5 in Shields
 12441 | D:7      | Reached skill level 5 in Unarmed Combat
 12441 | D:7      | Reached skill level 5 in Evocations
 12441 | D:7      | Reached XP level 10. HP: 73/76 MP: 13/18
 13229 | D:6      | HP: 2/64 [wight/+0 scimitar (13)]
 13233 | D:6      | Mangled by a wight

Illustrated notes

Levels and vault maps discovered:
D:1:      eino_arrival_cavern_d, layout_basic
D:2:      layout_basic, serial_bayou, serial_bayou_lake_a, serial_bayou_pond_b,
          serial_bayou_pond_b, serial_bayou_pond_a, serial_bayou_crossing,
          serial_bayou_ford_a, basic_altar, glass_columns_c,
          amcnicky_mini_corridor_feature
D:3:      lemuel_castle_with_subvaults [lemuel_castle_interior_original],
          layout_basic, cheibrodos_ashenzari_chains,
          grunt_temple_overflow_order_and_chaos_2, serial_shops, shop_fountains
D:4:      layout_gridville, minmay_temple_entry_trees
D:5:      old_forge, layout_loops_cross, uniq_duvessa
D:6:      layout_rooms, cheibrodos_sewer_entry_drain, ebering_ghost_sewer_f
D:7:      layout_loops_ring, uniq_crazy_yiuf_cottage
Temple:   minmay_crystal_spiral_temple

Skill      XL: |  1  2  3  4  5  6  7  8  9 10 |
---------------+-------------------------------+-----
Invocations    | 1 2 3 4 5 |  5.7
Short Blades   | 1 2 3 4 5 |  5.2
Long Blades    | 1 2 3 4 5 |  5.2
Axes           | 1 2 3 4 5 |  5.2
Maces & Flails | 1 2 3 4 5 |  5.2
Polearms       | 1 2 3 4 5 |  5.2
Staves         | 1 2 3 4 5 |  5.2
Throwing       | 1 2 3 4 5 |  5.2
Armour         | 1 2 3 4 5 |  5.2
Stealth        | 1 2 3 4 5 |  5.2
Shields        | 1 2 3 4 5 |  5.2
Unarmed Combat | 1 2 3 4 5 |  5.2
Evocations     | 1 2 3 4 5 |  5.2
Spellcasting   | 3 4 5 6 |  6.0
Conjurations   | 1 2 3 4 |  4.2
Summonings     | 1 2 3 4 |  4.2
Necromancy     | 1 2 3 4 |  4.2
Translocations | 1 2 3 4 |  4.2
Transmutations | 1 2 3 4 |  4.2
Fire Magic     | 1 2 3 4 |  4.2
Ice Magic      | 1 2 3 4 |  4.2
Air Magic      | 1 2 3 4 |  4.2
Earth Magic    | 1 2 3 4 |  4.2
Poison Magic   | 1 2 3 4 |  4.2
Fighting       | 3 4 5 |  5.8
Ranged Weapons | 5 6 7 |  7.0
Dodging        | 5 6 7 |  7.0
Hexes          | 6 7 |  7.0

Action                   |  1- 3 |  4- 6 |  7- 9 | 10-12 || total
-------------------------+-------+-------+-------+-------++-------
Melee: Dagger            |    59 |   153 |   268 |    10 ||   490
       Bite              |     6 |    20 |    56 |     9 ||    91
       Punch             |       |     4 |    13 |       ||    17
       Mace              |       |    36 |       |       ||    36
       Quarterstaff      |       |       |    38 |       ||    38
       Staff             |       |       |    92 |     1 ||    93
       Halberd           |       |       |    72 |    46 ||   118
 Fire: Sling             |    77 |   131 |   205 |     7 ||   420
Throw: Throwing net      |       |     2 |     1 |     1 ||     4
 Cast: Slow              |     9 |    19 |    65 |     3 ||    96
       Portal Projectile |       |     6 |     2 |       ||     8
       Inner Flame       |       |     6 |    12 |       ||    18
       Cause Fear        |       |     3 |    16 |       ||    19
       Frozen Ramparts   |       |       |     5 |     9 ||    14
Evoke: Wand              |       |       |       |     1 ||     1
  Use: Potion            |     1 |     5 |     7 |     3 ||    16
       Scroll            |       |       |    13 |     1 ||    14
 Stab: Sleeping          |       |     1 |     7 |       ||     8
       Held in net/web   |       |       |     2 |       ||     2
Armor: Robe              |     6 |    28 |    78 |     5 ||   117
Dodge: Dodged            |    44 |   145 |   264 |    37 ||   490
